 Dungeon Crawl Stone Soup version 0.31.0-1-g2c135a008e (webtiles) character file.

Game seed: 15894251044884459260

42 qw the Shooter (level 3, -1/29 HPs)
             Began as a Djinni Hunter on Jan 23, 2024.
             Slain by Terence
             ... wielding a +0 mace
              (9 damage)
             ... on level 2 of the Dungeon.
             The game lasted 00:00:03 (992 turns).

qw the Shooter (Djinni Hunter)                       Turns: 992, Time: 00:00:03

Health: -1/29      AC:  3    Str: 10    XL:     3   Next: 77%
Gold:   45         EV: 12    Int: 10    God:
                   SH:  0    Dex: 18

rFire   + + .        a - +0 shortbow
rCold   x . .        (shield currently unavailable)
rNeg    . . .        c - +0 leather armour
rPois   inf          (no helmet)
rElec   .            (no cloak)
rCorr   .            (no gloves)
SInv    .            (boots unavailable)
Will    .....        (no amulet)
Stlth   ++           (no ring)
HPRegen 0.24/turn    (no ring)
MPRegen 0.00/turn

%: infuse magic (-2 HP)
@: flying
A: sickness immunity, fire resistance 2, cold vulnerability 1, float, innate
caster, HP casting, extra vitality 1
a: no special abilities


You were on level 2 of the Dungeon.
You visited 1 branch of the dungeon, and saw 2 of its levels.

You collected 45 gold pieces.


Innate Abilities, Weirdness & Mutations

You are immune to sickness and miasma.
You are immune to poison.
Your flesh is very heat resistant. (rF++)
You are vulnerable to cold. (rC-)
You float through the air rather than walking.
You learn spells naturally, not from books.
Your magical power is your life essence.
You have superior vitality. (+4 MHP)


   Skills:
 + Level 2.5 Fighting
 - Level 4.0 Ranged Weapons
 - Level 2.1 Dodging
 - Level 0.7 Stealth


You knew the following spells:

 Your Spells              Type           Power      Damage    Failure   Level
a - Freeze                Ice            0%         1d3       45%         1
Your spell library was empty.

Inventory:

Hand Weapons
 a - a +0 shortbow (weapon)
Armour
 c - a +0 leather armour (worn)
Potions
 b - a potion of attraction {unknown}
 h - 2 potions of degeneration {unknown}
 i - a potion of curing {unknown}

Dungeon Overview and Level Annotations

Branches:
Dungeon (2/15)

Altars:

Annotations:
D:2 Terence


Message History

The rat squeaks loudly.
A frilled lizard comes into view.
You shoot an arrow. The frilled lizard hisses angrily.
The arrow hits the rat.
You kill the rat!
Terence the Incautious comes into view.
He is wielding a +0 mace.
You shoot an arrow. The arrow hits the frilled lizard.
You kill the frilled lizard!
You shoot an arrow. The arrow hits Terence.
Terence is moderately wounded.
You shoot an arrow. The arrow barely misses Terence.
You shoot an arrow.
The arrow hits Terence but does no damage.
Terence is moderately wounded.
Terence shouts, "ATTACK!!!"
You shoot an arrow. The arrow hits Terence.
Terence is heavily wounded.
You shoot an arrow.
The arrow hits Terence but does no damage.
Terence is heavily wounded.
Terence hits you with a +0 mace.
You shoot an arrow. The arrow hits Terence.
Terence is severely wounded.
Terence hits you with a +0 mace! x2
You shoot an arrow. The arrow barely misses Terence.
Terence hits you with a +0 mace.
You shoot an arrow. The arrow hits Terence.
Terence is almost dead.
Terence hits you with a +0 mace.
You shoot an arrow.
The arrow hits Terence but does no damage.
Terence is almost dead.
Terence completely misses you.
You shoot an arrow.
The arrow hits Terence but does no damage.
Terence is almost dead.
Terence barely misses you. Terence hits you with a +0 mace!
You die...
Terence says, "That felt goooood."

......#
#.....%...%#
......#
#..........#
>.....#
#........[.#
......#
#..........#
####### ..
#..........#
....###..........#
.................#
####.###..........#
....<.@@#.#########
..%.....#.#
.###.#..#.# #
#..#.# #..#.#
.....# ##.### #.#


You could see Terence.

Vanquished Creatures
  2 adders (D:2)
  A ribbon worm (D:2)
  A bat (D:2)
  2 endoplasms (D:1)
  2 giant cockroaches
  2 hobgoblins
  2 ball pythons
  4 frilled lizards
  A goblin (D:1)
  3 kobolds (D:1)
  3 rats (D:2)
23 creatures vanquished.

Notes
Turn   | Place    | Note
-------+----------+-------------------------------------------
     0 | D:1      | qw the Djinni Hunter began the quest for the Orb.
     0 | D:1      | Reached XP level 1. HP: 18/18 MP: 0/0
     0 | D:1      | 0 ||| qw: Version: 0.3-a-136-gdd3b4e8
     0 | D:1      | 0 ||| qw: Game counter: 990
     0 | D:1      | 0 ||| qw: Melee chars always use a shield: true
     0 | D:1      | 0 ||| qw: God list: Okawaru
     0 | D:1      | 0 ||| qw: Allow faded altars: false
     0 | D:1      | 0 ||| qw: Do Orc after clearing Dungeon:15 true
     0 | D:1      | 0 ||| qw: Do second Lair branch before Depths: true
     0 | D:1      | 0 ||| qw: Lair rune preference: random
     0 | D:1      | 0 ||| qw: Goals: Normal
     0 | D:1      | 0 ||| PLANNING D:1-11
   133 | D:1      | Reached XP level 2. HP: 23/23 MP: 0/0
   655 | D:1      | 655 ||| READING scroll labelled RERGHEUMUGO.
   658 | D:1      | 658 ||| READING scroll labelled XIYKO VESI.
   659 | D:1      | 659 ||| READING scroll labelled IREUPL NUSOTZ.
   659 | D:1      | 659 ||| IDENTIFYING glowing inky potion
   660 | D:1      | 660 ||| DROPPING scroll of butterflies.
   661 | D:1      | 661 ||| DROPPING potion of magic.
   841 | D:2      | Reached skill level 4 in Ranged Weapons
   841 | D:2      | Reached XP level 3. HP: 26/28 MP: 0/0
   841 | D:2      | Learned a level 1 spell: Freeze
   981 | D:2      | Noticed Terence
   990 | D:2      | HP: 7/29 [Terence/+0 mace (2)]
   992 | D:2      | Slain by Terence

Levels and vault maps discovered:
D:1:      evilmike_arrival_fibonacci_small, layout_basic, minivault_27
D:2:      layout_basic, serial_park_tiny_2, uniq_robin, uniq_terence,
          uniq_crazy_yiuf_cottage, uniq_jessica

Skill      XL: |  1  2 |
---------------+-------+-----
Ranged Weapons | 4 |  4.0
Fighting       | |  2.5
Dodging        | |  2.1
Stealth        | |  0.7

Action                     || total
---------------------------++-------
   Fire: Shortbow          ||    87
    Use: Scroll            ||     3
 Armour: Leather armour    ||    26
  Dodge: Dodged            ||    23

Table legend:
 A = Non-vault XP
 B = Vault XP
 C = Vault XP percentage of total XP
 D = Non-vault monster count
 E = Vault monster count
 F = Vault count percentage of total count
                 A         B        C        D         E       F
            +---------+---------+-------+---------+---------+-------
      Total |      60 |       0 |   0.0 |      23 |       0 |   0.0
            +---------+---------+-------+---------+---------+-------
        D:1 |      17 |       0 |   0.0 |      12 |       0 |   0.0
        D:2 |      43 |       0 |   0.0 |      11 |       0 |   0.0
            +---------+---------+-------+---------+---------+-------
